 Dungeon Crawl Stone Soup version 0.30.0-5-g1a98f26d00 (webtiles) character file.

Game seed: 1313209009446300446

112 SnakkuSnakku7 the Insei (level 4, -4/23 HPs)
             Began as a Vine Stalker Fire Elementalist on May 13, 2023.
             Killed by divine providence
             ... invoked by an orc priest
              (11 damage)
             ... on level 3 of the Dungeon.
             The game lasted 00:02:19 (1241 turns).

SnakkuSnakku7 the Insei (VSFE)                      Turns: 1241, Time: 00:02:20

Health: -4/23      AC:  6    Str: 12    XL:     4   Next: 95%
Magic:  0/8        EV: 10    Int: 15    God:
Gold:   144        SH:  0    Dex: 15    Spells: 6/7 levels left

rFire   . .          .
                       - Unarmed
rCold   . . .        (no shield)
rNeg    . . .        f - +0 ring mail
rPois   .            (no helmet)
rElec   .            (no cloak)
rCorr   .            (no gloves)
SInv    .            g - +0 pair of boots
Will    .....        (no amulet)
Stlth   +            (no ring)
HPRegen 1.03/turn    (no ring)
MPRegen 0.11/turn

%: guardian spirit
@: no status effects
A: fangs 2, regeneration 1, magic shield, antimagic bite, no potion heal 2
a: no special abilities


You were on level 3 of the Dungeon.
You visited 1 branch of the dungeon, and saw 3 of its levels.

You collected 144 gold pieces.

Inventory:

Missiles
 m - 2 throwing nets
Armour
 a - a +0 robe
 f - a +0 ring mail (worn)
 g - a +0 pair of boots (worn)
Scrolls
 d - a scroll of immolation {unknown}
 i - 2 scrolls of fear {unknown}
 j - 2 scrolls of magic mapping {unknown}
 k - 2 scrolls of identify {unknown}
 l - 2 scrolls of poison {unknown}
 n - a scroll of teleportation {unknown}
Potions
 b - a potion of magic
 c - a potion of curing {unknown}
 e - a potion of heal wounds {unknown}
 h - a potion of might {unknown}


   Skills:
 - Level 2.0 Fighting
 - Level 1.5 Dodging
 - Level 2.4 Stealth
 + Level 3.6 Unarmed Combat
 - Level 2.1 Spellcasting
 - Level 1.0 Conjurations
 - Level 3.0 Fire Magic


You had 6 spell levels left.
You knew the following spells:

 Your Spells              Type           Power      Damage    Failure   Level
a - Foxfire               Conj/Fire      28%        2x1d5     22%         1

Your spell library contained the following spells:

 Spells                   Type           Power      Damage    Failure   Level
 Scorch                   Fire           20%        2d5       22%         2
 Kiss of Death            Conj/Necr      12%        2d6       38%         1
 Inner Flame              Hex/Fire       6%         N/A       63%         3
 Volatile Blastmotes      Fire/Tloc      12%        2d11      63%         3
 Confusing Touch          Hex            1%         N/A       83%         3
 Flame Wave               Conj/Fire      7%         2d5       91%         4
 Dispel Undead            Necr           1%         3d6       99%         4


Dungeon Overview and Level Annotations

Branches:
Dungeon (3/15)

Altars:


Innate Abilities, Weirdness & Mutations

You have extremely sharp teeth.
Your natural rate of healing is unusually fast.
When hurt, damage is shared between your health and your magic reserves.
Your bite disrupts and absorbs the magic of your enemies.
Potions cannot restore your health.


Message History

The orc priest hits you with a +0 hand axe.
You hit the orc priest but do no damage.
You bite the orc priest. You drain its power.
You feel invigorated.
The orc priest is heavily wounded.
The orc priest calls down the wrath of Beogh upon you.
Beogh smites you!
* * * LOW HITPOINT WARNING * * *
You hit the orc priest but do no damage.
You bite the orc priest, but do no damage.
The orc priest is heavily wounded.
The orc priest hits you with a +0 hand axe.
* * * LOW HITPOINT WARNING * * *
You hit the orc priest but do no damage.
The orc priest is heavily wounded.
The orc priest hits you but does no damage.
Unknown command.
You hit the orc priest but do no damage.
Your bite misses the orc priest.
The orc priest is heavily wounded.
The orc priest hits you but does no damage.
You hit the orc priest but do no damage.
The orc priest is heavily wounded.
The orc priest barely misses you.
You hit the orc priest.
You bite the orc priest, but do no damage.
The orc priest is severely wounded.
The orc priest hits you with a +0 hand axe.
* * * LOW HITPOINT WARNING * * *
You closely miss the orc priest.
The orc priest is severely wounded.
The orc priest misses you.
You hit the orc priest but do no damage.
You bite the orc priest. You drain its power.
You feel invigorated.
The orc priest is severely wounded.
The orc priest closely misses you.
You closely miss the orc priest.
The orc priest is severely wounded.
The orc priest invokes the aid of Beogh against you.
Beogh smites you!
You die...

#.##.. ...
#.##.# ..####
#.##.# #......
#.##.# .....#
#.##.# .....+
#.##.# .....#
#.##.####.....#
#.##o.....?...#
#..@####......#
###.#####.....#
#...........#
#....#.......)
##.#...#+###o#
#†###.# #
####.# # #....#
#. #.####
.#####


You could see an orc priest.

Vanquished Creatures
  4 gnolls (D:2)
  2 adders
  A worm (D:2)
  3 dart slugs (D:1)
  An orc (D:2)
  3 ball pythons
  3 endoplasms
  A giant cockroach (D:1)
  4 goblins
  5 hobgoblins
  3 jackals (D:1)
  3 quokkas
  5 bats
  2 frilled lizards
  5 rats
45 creatures vanquished.

Vanquished Creatures (others)
  3 foxfires (D:1)
3 creatures vanquished.

Grand Total: 48 creatures vanquished

Notes
Turn   | Place    | Note
-------+----------+-------------------------------------------
     0 | D:1      | SnakkuSnakku7 the Vine Stalker Fire Elementalist began the
                  | quest for the Orb.
     0 | D:1      | Reached XP level 1. HP: 9/9 MP: 4/4
   192 | D:1      | Reached skill level 1 in Unarmed Combat
   192 | D:1      | Reached XP level 2. HP: 6/14 MP: 6/6
   193 | D:1      | Reached skill level 1 in Fighting
   319 | D:1      | Reached XP level 3. HP: 15/18 MP: 5/7
   775 | D:2      | Identified the +7 short sword of Psychosis {protect, Int+5}
   905 | D:2      | Gained mutation: Your natural rate of healing is unusually
                  | fast. [Vine Stalker growth]
   905 | D:2      | Reached XP level 4. HP: 19/23 MP: 5/8
  1241 | D:3      | Killed from afar by an orc priest

Illustrated notes

Levels and vault maps discovered:
D:1:      minmay_arrival_widening_spiral_wide, layout_basic
D:2:      layout_rooms
D:3:      layout_basic, lemuel_crystal_altar, overflow_temple_1_default,
          chequers_avenue

Skill      XL: |  1  2  3  4 |
---------------+-------------+-----
Unarmed Combat | 1 2 3 |  3.6
Fighting       | 1 2 |  2.0
Dodging        | |  1.5
Stealth        | |  2.4
Spellcasting   | |  2.1
Conjurations   | |  1.0
Fire Magic     | |  3.0

Action                     |  1- 3 |  4- 6 || total
---------------------------+-------+-------++-------
  Melee: Unarmed           |   151 |    77 ||   228
         Bite              |    42 |    27 ||    69
         Punch             |     5 |     1 ||     6
   Cast: Foxfire           |     3 |       ||     3
   Stab: Sleeping          |     2 |       ||     2
 Armour: Robe              |    10 |       ||    10
         Ring mail         |    51 |    22 ||    73
  Dodge: Dodged            |    98 |    33 ||   131
